 Dungeon Crawl Stone Soup version 0.29-a0-297-g7659ce593d (webtiles) character file.

Game seed: 15199876934309731904

105 Dabor the Caller (level 4, -3/24 HPs)
             Began as a Deep Elf Summoner on Mar 20, 2022.
             Killed by nerve-wracking pain
             ... invoked by a shadow imp
             ... summoned by Natasha
              (13 damage)
             ... on level 3 of the Dungeon.
             The game lasted 00:07:30 (3119 turns).

Dabor the Caller (Deep Elf Summoner)                Turns: 3119, Time: 00:07:30

Health: -3/24      AC:  3    Str:  5    XL:     4   Next: 54%
Magic:  5/12       EV: 13    Int: 22    God:
Gold:   104        SH:  0    Dex: 15    Spells: 1/11 levels left

rFire   . . .      SeeInvis .   i - staff of conjuration
rCold   . . .      Faith    .   (no shield)
rNeg    . . .      Spirit   .   a - +0 robe
rPois   .          Reflect  .   l - +0 hat
rElec   .          Harm     .   (no cloak)
rCorr   .          Rampage  .   (no gloves)
Will    .....                   s - +0 pair of boots
Stlth   ++........              (no amulet)
HPRegen 0.08/turn               (no ring)
MPRegen 0.13/turn               (no ring)

@: no status effects
A: no striking features
a: no special abilities


You were on level 3 of the Dungeon.
You visited 1 branch of the dungeon, and saw 3 of its levels.

You collected 104 gold pieces.

Inventory:

Hand Weapons
 g - a +0 mace
Missiles
 j - 5 silver javelins
Armour
 a - a +0 robe (worn)
 l - a +0 hat (worn)
 s - a +0 pair of boots (worn)
Magical Staves
 i - a staff of conjuration (weapon)
Jewellery
 e - a ring of ice
Wands
 c - a wand of digging (3)
Scrolls
 d - 2 scrolls of amnesia {unknown}
 m - a scroll of holy word {unknown}
 n - a scroll of noise {unknown}
 o - a scroll of summoning {unknown}
 q - a scroll of teleportation {unknown}
 r - a scroll of identify {unknown}
Potions
 b - a potion of magic
 f - a potion of berserk rage
 h - a potion of attraction {unknown}
 k - 2 potions of curing {unknown}
 p - a potion of brilliance {unknown}


   Skills:
 - Level 0.5 Fighting
 - Level 3.4 Dodging
 - Level 3.3 Stealth
 - Level 4.3 Spellcasting
 * Level 0.3 Hexes
 - Level 5.0 Summonings
 * Level 0.1 Air Magic


You had one spell level left.
You knew the following spells:

 Your Spells              Type           Power      Damage    Failure   Level
a - Summon Small Mammal   Summ           100%       N/A       1%          1
b - Call Imp              Summ           26%        N/A       1%          2
c - Summon Guardian Gole  Hex/Summ       16%        N/A       11%         3
d - Summon Lightning Spi  Summ/Air       16%        N/A       36%         4

Your spell library contained the following spells:

 Spells                   Type           Power      Damage    Failure   Level
 Call Canine Familiar     Summ           26%        N/A       4%          3
 Scorch                   Fire           8%         2d5       17%         2
 Flame Wave               Conj/Fire      7%         2d5       73%         4
 Summon Cactus Giant      Summ           13%        N/A       91%         6


Dungeon Overview and Level Annotations

Branches:
Dungeon (3/15)

Altars:

Annotations:
D:3 Natasha


Message History

a +0 club; an orc corpse A frilled lizard is nearby!
A frilled lizard is nearby!
Natasha, Servant of Life and Death comes into view.
Natasha hisses angrily.
Natasha mumbles some strange words.
Natasha stares at you and mumbles some strange words.
You resist with some effort.
You hit the frilled lizard.
You kill the frilled lizard!
A goblin comes into view. It is wielding a +0 club.
Casting: Summon Small Mammal (safe; 1% risk of failure)
Press: ? - help, Q - select action, (/) - cycle Dir - look around, f - activate Look: Natasha Natasha claws you.
Casting: Summon Small Mammal (safe; 1% risk of failure)
Press: ? - help, Q - select action, (/) - cycle Dir - look around, f - activate Look: Natasha (ally target)
Your bat hits Natasha but does no damage.
Natasha claws you! The shadow imp closely misses your bat.
Your bat barely misses the shadow imp.
You hit Natasha.
Natasha is moderately wounded.
Your bat misses Natasha. Natasha closely misses you.
Casting: Summon Small Mammal (safe; 1% risk of failure)
Confirm with . or Enter, or press ? or * to list all spells.
A beastly little devil appears in a puff of flame.
Your bat hits Natasha but does no damage.
Your quokka bites Natasha.
Natasha closely misses you. The shadow imp hits you.
Casting: Call Imp (safe; 1% risk of failure)
Confirm with . or Enter, or press ? or * to list all spells.
The spell is quite dangerous to miscast (11% risk of failure)!
Continue anyway?
A guardian golem appears, shielding your allies.
Your bat hits Natasha but does no damage.
Your quokka closely misses Natasha.
Natasha extends her claws.
Natasha casts a spell.
The shadow imp gestures at you. Pain shoots through your body!
Ouch! That really hurt!
You die...

........###.)........##
..........###..........
......###..##........##.
..##.## ##.........#....
####..# ####...........
##.# ####............
.........5......
##.####...b..... ...
#.@h?..... .. #.r5.5....
.. #.:.9..... ..g..#....
.#..####### ..#..# ..
#..# .## #..#


You could see Natasha (ally target), a crimson imp (summoned), a shadow imp
(summoned), a goblin, a friendly guardian golem (summoned), a friendly crimson
imp (summoned, sheltered), a friendly quokka (summoned, sheltered) and a
friendly bat (summoned, sheltered).

Vanquished Creatures
  A dart slug (D:1)
  2 orcs (D:3)
  2 endoplasms
  A goblin (D:1)
  A hobgoblin (D:1)
  A jackal (D:1)
  2 bats (D:2)
  A frilled lizard (D:3)
  A kobold (D:1)
  5 rats
17 creatures vanquished.

Vanquished Creatures (collateral kills)
  An orc wizard (D:3)
  An adder (D:2)
  2 worms (D:2)
  An orc (D:3)
  5 endoplasms
  4 hobgoblins (D:1)
  8 jackals
  A quokka (D:1)
  5 ball pythons
  2 bats (D:1)
  A frilled lizard (D:3)
  4 goblins (D:1)
  A kobold (D:1)
  6 rats
42 creatures vanquished.

Grand Total: 59 creatures vanquished

Notes
Turn   | Place    | Note
-------+----------+-------------------------------------------
     0 | D:1      | Dabor the Deep Elf Summoner began the quest for the Orb.
     0 | D:1      | Reached XP level 1. HP: 10/10 MP: 6/6
   184 | D:1      | Reached XP level 2. HP: 11/15 MP: 5/8
   976 | D:1      | Learned a level 2 spell: Call Imp
   980 | D:1      | Reached XP level 3. HP: 19/19 MP: 6/10
  2369 | D:2      | Reached XP level 4. HP: 16/24 MP: 7/12
  2892 | D:3      | Reached skill level 5 in Summonings
  3010 | D:3      | Learned a level 3 spell: Summon Guardian Golem
  3022 | D:3      | Learned a level 4 spell: Summon Lightning Spire
  3109 | D:3      | Noticed Natasha
  3119 | D:3      | Killed from afar by a shadow imp

Illustrated notes

Levels and vault maps discovered:
D:1:      eino_arrival_water_cross, layout_basic, hex_medium
D:2:      layout_loops_cross
D:3:      layout_rooms, old_standard_altar, lemuel_coloured_pillars_altar,
          amethyst_overflow_temple_binary, uniq_natasha

Skill      XL: |  1  2  3  4 |
---------------+-------------+-----
Stealth        | 3 |  3.3
Dodging        | 3 |  3.4
Spellcasting   | 4 |  4.3
Summonings     | 5 |  5.0
Fighting       | |  0.5
Hexes          | |  0.3
Air Magic      | |  0.1

Action                   |  1- 3 |  4- 6 || total
-------------------------+-------+-------++-------
Melee: Unarmed           |    23 |       ||    23
       Staff             |    24 |    19 ||    43
       Mace              |     9 |       ||     9
 Cast: Summon Small Mamm |    59 |     7 ||    66
       Call Imp          |    11 |     2 ||    13
       Summon Guardian G |       |     1 ||     1
  Use: Potion            |       |     3 ||     3
 Stab: Sleeping          |     6 |     1 ||     7
       Distracted        |     1 |       ||     1
Armor: Robe              |    13 |     4 ||    17
       Skin              |       |     4 ||     4
Dodge: Dodged            |    44 |    11 ||    55

Table legend: (Time is in decaauts)
 A = Elapsed time spent in this place.
 B = Non-inter-level travel time spent in this place.
 C = Inter-level travel time spent in this place.
 D = Time resting spent in this place.
 E = Time spent auto-exploring this place.
 F = Levels seen in this place.
 G = Mean time per level.
                   A        B        C        D        E       F      G
               +--------+--------+--------+--------+--------+-----+--------+
         Total |   3143 |   3046 |     97 |    330 |   2059 |   3 | 1047.7 |
       Dungeon |   3143 |   3046 |     97 |    330 |   2059 |   3 | 1047.7 |
               +--------+--------+--------+--------+--------+-----+--------+

Top non-repeatable levels by time:
     D:1: 1653 daAuts
     D:2: 1213 daAuts
     D:3: 276 daAuts
